 Dungeon Crawl Stone Soup version 0.29.1 (webtiles) character file.

Game seed: 8903710833796111641

101 masschaos23 the Trooper (level 4, 0/40 HPs)
             Began as a Hill Orc Fighter on Sept 13, 2022.
             Slain by a goblin
             ... wielding a +1 dagger of venom
              (2 damage)
             ... on level 3 of the Dungeon.
             The game lasted 00:03:19 (2767 turns).

masschaos23 the Trooper (Hill Orc Fighter)          Turns: 2767, Time: 00:03:21

Health: 0/40       AC:  7    Str: 20    XL:     4   Next: 75%
Magic:  4/4        EV:  9    Int:  8    God:
Gold:   149        SH:  4    Dex: 10    Spells: 3/3 levels left

rFire   . . .      SeeInvis .   a - +0 war axe
rCold   . . .      Faith    .   c - +0 buckler
rNeg    . . .      Spirit   .   b - +0 scale mail
rPois   .          Reflect  .   (no helmet)
rElec   .          Harm     .   (no cloak)
rCorr   .          Rampage  .   (no gloves)
Will    .....                   (no boots)
Stlth   ..........              (no amulet)
HPRegen 0.13/turn               (no ring)
MPRegen 0.09/turn               (no ring)

@: lethally poisoned (0 -> -18)
A: no striking features
a: no special abilities


You were on level 3 of the Dungeon.
You visited 1 branch of the dungeon, and saw 3 of its levels.

You collected 149 gold pieces.

Inventory:

Hand Weapons
 a - a +0 war axe (weapon)
 m - a +4 dagger
Armour
 b - a +0 scale mail (worn)
 c - a +0 buckler (worn)
Jewellery
 o - a +6 ring of dexterity
Scrolls
 f - 3 scrolls of identify {unknown}
 g - a scroll of silence {unknown}
 h - a scroll of noise {unknown}
 j - a scroll of acquirement {unknown}
 l - a scroll of enchant armour {unknown}
 n - a scroll of butterflies {unknown}
 p - a scroll of poison {unknown}
 q - a scroll of immolation {unknown}
Potions
 d - a potion of might
 e - a potion of flight {unknown}
 i - 3 potions of heal wounds {unknown}
 k - a potion of curing {unknown}


   Skills:
 + Level 4.3 Fighting
 + Level 4.2 Axes
 + Level 4.2 Armour
 + Level 0.2 Dodging
 + Level 3.7 Shields


You had 3 spell levels left.
You didn't know any spells.
Your spell library contained the following spells:

 Spells                   Type           Power      Damage    Failure   Level
 Apportation              Tloc           0%         N/A       85%         1
 Slow                     Hex            0%         N/A       85%         1
 Sting                    Tmut/Pois      0%         1d3       85%         1
 Poisonous Vapours        Pois/Air       0%         N/A       94%         2
 Confusing Touch          Hex            0%         N/A       99%         3
 Vampiric Draining        Necr           0%         2d6       99%         3
 Olgreb's Toxic Radiance  Pois           0%         N/A       100%        4
 Alistair's Intoxication  Tmut/Pois      0%         N/A       100%        5


Dungeon Overview and Level Annotations

Branches:
Dungeon (3/15)

Altars:
Hepliaklqana
Okawaru
The Shining One


Message History

You feel very sick. The goblin hits you but does no damage.
You are more poisoned.
The goblin barely misses you.
You closely miss the goblin.
You feel very sick. The goblin hits you but does no damage.
You barely miss the goblin.
You feel very sick.
The goblin hits you with a +1 dagger of venom.
You are more poisoned.
You barely miss the goblin.
You feel very sick. You block the goblin's attack.
The goblin barely misses you.
You hit the goblin.
The goblin is severely wounded.
You feel very sick.
The goblin hits you with a +1 dagger of venom.
You are lethally poisoned!
You are too injured to fight recklessly!
You are too injured to fight recklessly!
You are too injured to fight recklessly!
You are too injured to fight recklessly!
You are too injured to fight recklessly!
You are too injured to fight recklessly!
You are too injured to fight recklessly!
You closely miss the goblin.
The goblin is severely wounded.
* * * LOW HITPOINT WARNING * * *
You feel very sick.
The goblin hits you with a +1 dagger of venom.
* * * LOW HITPOINT WARNING * * *
You are more poisoned.
You barely miss the goblin.
The goblin is severely wounded.
* * * LOW HITPOINT WARNING * * *
You feel extremely sick. The goblin completely misses you.
The goblin hits you with a +1 dagger of venom.
You die...

#..##.....##..# .
##...###'#.##...#
#<####.....##.####.....
.....................#..
#..#................###.
.....#=.###...###..#. .
..............# .#
......).###..... ..
.......@# #.##### .
.......g....#
............#
...............
..........?####
...........#
.....#.....#
######..>..#


You could see a goblin.

Vanquished Creatures
  A crimson imp (D:3)
  2 adders (D:2)
  A white imp (D:3)
  A dart slug (D:1)
  6 bats
  4 endoplasms
  2 giant cockroaches
  2 hobgoblins
  A kobold (D:2)
  3 quokkas
  4 frilled lizards
  6 goblins
  A goblin skeleton (D:3)
  4 hobgoblin zombies (D:3)
  A kobold skeleton (D:3)
  A kobold zombie (D:3)
  An orc skeleton (D:3)
  3 rats
44 creatures vanquished.

Notes
Turn   | Place    | Note
-------+----------+-------------------------------------------
     0 | D:1      | masschaos23 the Hill Orc Fighter began the quest for the
                  | Orb.
     0 | D:1      | Reached XP level 1. HP: 19/19 MP: 1/1
   430 | D:1      | Found a faded altar of an unknown god.
   440 | D:1      | Reached XP level 2. HP: 27/27 MP: 2/2
  1390 | D:2      | Reached XP level 3. HP: 22/33 MP: 3/3
  2358 | D:3      | Found a hazy altar of Hepliaklqana.
  2474 | D:3      | Found a glowing golden altar of the Shining One.
  2483 | D:3      | Reached XP level 4. HP: 33/40 MP: 4/4
  2627 | D:3      | Found an iron altar of Okawaru.
  2767 | D:3      | HP: 2/40 [poisoned by a goblin]
  2767 | D:3      | Slain by a goblin

Illustrated notes

Levels and vault maps discovered:
D:1:      dpeg_arrival_shelter, layout_basic,
          ebering_ecumenical_altar_sacrificial
D:2:      layout_basic, grunt_ministairs_3
D:3:      layout_rooms, nicolae_yredelemnul_ghost_church, old_standard_altar,
          mainiacjoe_overflow_catwalk, nicolae_tso_besieged_by_evil,
          uniq_crazy_yiuf_cottage

Skill      XL: |  1  2  3  4 |
---------------+-------------+-----
Axes           | 3 4 |  4.2
Fighting       | 4 |  4.3
Armour         | 4 |  4.2
Dodging        | |  0.2
Shields        | |  3.7

Action                   |  1- 3 |  4- 6 || total
-------------------------+-------+-------++-------
Melee: War axe           |    90 |    27 ||   117
Armor: Scale mail        |    39 |     9 ||    48
Dodge: Dodged            |    48 |     7 ||    55
Block: Buckler           |    10 |     5 ||    15
